 Dungeon Crawl Stone Soup version 0.30-a0-862-g1aabd4f (webtiles) character file.

Game seed: 686881524069743280

16 Illumine the Ruffian (level 2, -5/28 HPs)
             Began as a Troll Warper on Mar 9, 2023.
             Slain by a worm (7 damage)
             ... on level 2 of the Dungeon.
             The game lasted 00:01:14 (690 turns).

Illumine the Ruffian (Troll Warper)                  Turns: 690, Time: 00:01:14

Health: -5/28      AC:  4    Str: 18    XL:     2   Next: 41%
Magic:  11/11      EV: 10    Int:  9    God:
Gold:   66         SH:  0    Dex:  9    Spells: 3/3 levels left

rFire   . . .      SeeInvis .      - Unarmed
rCold   . . .      Faith    .    (no shield)
rNeg    . . .      Spirit   .    a - +0 robe
rPois   .          Reflect  .    (helmet restricted)
rElec   .          Rampage  .    (no cloak)
rCorr   .                        (gloves unavailable)
Will    .....                    (boots unavailable)
Stlth   +                        (no amulet)
HPRegen 1.04/turn                h - ring of magical power
MPRegen 0.12/turn                (no ring)

@: no status effects
A: large, unfitting armour, claws 3, regeneration 1, shaggy fur 1, tough skin 1
a: no special abilities


You were on level 2 of the Dungeon.
You visited 1 branch of the dungeon, and saw 2 of its levels.

You collected 66 gold pieces.

Inventory:

Missiles
 c - 7 boomerangs of dispersal (quivered)
Armour
 a - a +0 robe (worn)
Jewellery
 h - a ring of magical power (left claw)
Scrolls
 b - a scroll of blinking
 e - a scroll of identify {unknown}
 f - a scroll of silence {unknown}
 i - 4 scrolls of fear {unknown}
 l - a scroll of enchant weapon {unknown}
Potions
 d - a potion of might {unknown}
 g - 2 potions of mutation {unknown}
 j - a potion of resistance {unknown}
 k - a potion of curing {unknown}


   Skills:
 + Level 1.8 Fighting
 - Level 0.8 Throwing
 + Level 2.1 Dodging
 * Level 2.6 Unarmed Combat
 - Level 1.2 Spellcasting
 - Level 2.1 Translocations


You had 3 spell levels left.
You didn't know any spells.
Your spell library contained the following spells:

 Spells                   Type           Power      Damage    Failure   Level
 Blink                    Tloc           8%         N/A       22%         2
 Lesser Beckoning         Tloc           8%         N/A       22%         2
 Teleport Other           Tloc           4%         N/A       41%         3
 Vhi's Electric Charge    Tloc/Air       4%         N/A       56%         3
 Manifold Assault         Tloc           4%         N/A       82%         4


Dungeon Overview and Level Annotations

Branches:
Dungeon (2/15)

Altars:


Innate Abilities, Weirdness & Mutations

You are too large for most types of armour.
You have claws for hands.
Your natural rate of healing is unusually fast.
You are covered in fur. (AC +1)
You have tough skin. (AC +1)


Message History

No target in view!
Found an escape hatch in the floor.
No target in view!
You now have 66 gold pieces (gained 7).
Found a stone staircase leading down.
i - 4 scrolls labelled YRCHI OLALUA (gained 3) No target in view!
A worm comes into view.
A worm is nearby!
A worm is nearby!
The worm bites you.
An endoplasm comes into view.
The worm bites you.
You scratch the worm.
The worm is moderately wounded.
You scratch the worm.
The worm is heavily wounded.
The worm bites you.
You completely miss the worm.
The worm is moderately wounded.
The endoplasm quivers.
You scratch the worm.
The worm is heavily wounded.
The worm bites you!
You scratch the worm but do no damage.
The worm is heavily wounded.
You claw the worm!
The worm is almost dead.
The endoplasm freezes you.
You are frozen.
The worm bites you.
* * * LOW HITPOINT WARNING * * *
You scratch the worm but do no damage.
The worm is almost dead.
The endoplasm freezes you.
You are frozen.
* * * LOW HITPOINT WARNING * * *
You scratch the worm.
The worm is almost dead.
The worm bites you!
You die...

#.##.# ##.# .#....#
##.... .###..#
#..... .# #..# ....
#.# #..# ...##.#
#..# #..#.###..#
#..###J...##..#
......w@......#
.#.####...##.##
........>###.#
########.###.#
#.....######.#
#.....>#..........#
########.##########
...# #####


You could see a worm and an endoplasm.

Vanquished Creatures
  4 bats
  An endoplasm (D:1)
  A giant cockroach (D:1)
  2 hobgoblins (D:1)
  A quokka (D:1)
  2 ball pythons
  A frilled lizard (D:1)
  A kobold (D:1)
  4 rats
17 creatures vanquished.

Notes
Turn   | Place    | Note
-------+----------+-------------------------------------------
     0 | D:1      | Illumine the Troll Warper began the quest for the Orb.
     0 | D:1      | Reached XP level 1. HP: 19/19 MP: 1/1
   219 | D:1      | Reached XP level 2. HP: 28/28 MP: 2/2
   689 | D:2      | HP: 1/28 [frozen (5)]
   690 | D:2      | Slain by a worm

Illustrated notes

Levels and vault maps discovered:
D:1:      psy_arrival_whirlpool, layout_rooms
D:2:      layout_loops_ring, serial_rivers, chequers_serial_rivers_micro_b,
          chequers_serial_rivers_small_3, chequers_serial_rivers_micro_d,
          chequers_serial_rivers_small_b, nicolae_figureground_sparkle,
          uniq_jessica

Skill      XL: |  1 |
---------------+----+-----
Dodging        | 2 |  2.1
Fighting       | |  1.8
Throwing       | |  0.8
Unarmed Combat | |  2.6
Spellcasting   | |  1.2
Translocations | |  2.1

Action                     || total
---------------------------++-------
  Melee: Unarmed           ||    61
         Punch             ||     1
 Armour: Robe              ||    25
  Dodge: Dodged            ||    29

Table legend: (Time is in decaauts)
 A = Elapsed time spent in this place.
 B = Non-inter-level travel time spent in this place.
 C = Inter-level travel time spent in this place.
 D = Time resting spent in this place.
 E = Time spent auto-exploring this place.
 F = Levels seen in this place.
 G = Mean time per level.
                   A        B        C        D        E       F      G
               +--------+--------+--------+--------+--------+-----+--------+
         Total |    687 |    664 |     23 |      0 |    503 |   2 |  343.5 |
       Dungeon |    687 |    664 |     23 |      0 |    503 |   2 |  343.5 |
               +--------+--------+--------+--------+--------+-----+--------+

Top non-repeatable levels by time:
     D:1: 592 daAuts
     D:2: 94 daAuts
